 Dungeon Crawl Stone Soup version 0.30-a0-989-g0d87f670db (webtiles) character file.

Game seed: 9758881528070522480

18246 Jase the Grappler (level 12, -5/169 (184) HPs)
             Began as a Troll Berserker on Apr 2, 2023.
             Was a High Priest of Trog.
             Slain by a spectral orc knight
             ... wielding a +3 long sword
             ... summoned by Nergalle
              (11 damage)
             ... on level 11 of the Dungeon.
             The game lasted 00:40:08 (10191 turns).

Jase the Grappler (Troll Berserker)                Turns: 10191, Time: 00:40:09

HP:   -5/169 (184)  AC:  7    Str: 34    XL:     12   Next: 26%
MP:   11/11         EV: 11    Int:  3    God:    Trog [*****.]
Gold: 517           SH:  0    Dex: 13    Spells: 11/11 levels left

rFire   . . .      SeeInvis .      - Unarmed
rCold   . . .      Faith    .    (no shield)
rNeg    . . .      Spirit   .    N - +0 troll leather armour
rPois   +          Reflect  .    (helmet restricted)
rElec   .          Rampage  .    P - +0 cloak {rCorr}
rCorr   +                        (gloves unavailable)
Will    ++...                    (boots unavailable) Stlth
                                 (no amulet)
HPRegen 3.08/turn                q - ring of poison resistance
MPRegen 0.12/turn                J - +6 ring of strength

@: berserking, strong-willed, regenerating, drained, very quick
A: large, unfitting armour, claws 3, regeneration 1, shaggy fur 1, tough skin 1
a: Renounce Religion, Berserk, Trog's Hand, Brothers in Arms


You were on level 11 of the Dungeon.
You worshipped Trog.
Trog was extremely pleased with you.
You visited 1 branch of the dungeon, and saw 11 of its levels.
You also visited: Ossuary.

You collected 727 gold pieces.
You spent 210 gold pieces at shops.

Inventory:

Hand Weapons
 v - a +0 dire flail of holy wrath
 M - a +4 giant spiked club
Missiles
 a - 6 large rocks
 c - 6 javelins
 k - 96 stones
 w - 16 boomerangs (quivered)
 K - 5 silver javelins
 S - 19 poisoned darts
 X - 4 throwing nets
Armour
 A - a +0 robe of positive energy
 N - a +0 troll leather armour (worn)
 O - +0 acid dragon scales
 P - a +0 cloak of preservation (worn)
Jewellery
 f - a ring of fire
 q - a ring of poison resistance (left claw)
 C - the ring of Tulips {Fire Drain rN+ Int+2 Dex+3}
   (You found it in an ossuary)

   [ring of fire]

   It enhances your fire magic.
   Int:       It affects your intelligence (+2).
   Dex:       It affects your dexterity (+3).
   rF:        It protects you from fire.
   rC:        It makes you vulnerable to cold.
   rN:        It protects you from negative energy.
   Drain:     It drains your maximum health when unequipped.
 J - a +6 ring of strength (right claw)
Wands
 h - a wand of acid (13)
 u - a wand of flame (38)
 F - a wand of paralysis (8)
 G - a wand of iceblast (25)
Scrolls
 b - 2 scrolls of silence {unknown}
 e - 5 scrolls of teleportation
 i - a scroll of blinking {unknown}
 o - a scroll of butterflies {unknown}
 r - a scroll of immolation {unknown}
 t - 2 scrolls of noise {unknown}
 y - 2 scrolls of brand weapon {unknown}
 z - a scroll of amnesia {unknown}
 E - a scroll of fear {unknown}
 I - 2 scrolls of fog {unknown}
 Q - a scroll of torment {unknown}
 R - a scroll of acquirement {unknown}
Potions
 d - 6 potions of heal wounds
 g - 3 potions of curing
 j - 3 potions of haste
 l - 6 potions of brilliance {unknown}
 m - a potion of resistance
 n - 3 potions of attraction
 p - 5 potions of mutation {unknown}
 s - 3 potions of lignification
 B - a potion of berserk rage
 D - 2 potions of magic
 H - 3 potions of flight
 L - a potion of invisibility
 T - a potion of ambrosia
 U - a potion of might
 W - a potion of cancellation
Miscellaneous
 x - a phial of floods


   Skills:
 - Level 9.0 Fighting
 - Level 6.0 Maces & Flails
 - Level 3.0 Throwing
 - Level 5.0 Dodging
 + Level 14.9 Unarmed Combat
 + Level 2.6 Evocations


You had 11 spell levels left.
You didn't know any spells.
Your spell library was empty.

Dungeon Overview and Level Annotations

Branches:
Dungeon (11/15)            Temple (0/1) D:5            Lair (0/5) D:10
    Orc (0/2) D:11        Ossuary (visited)

Altars:
Ashenzari
Cheibriados
Dithmenos
Elyvilon
Hepliaklqana
Okawaru
Qazlal
Sif Muna
Trog
Uskayaw
Wu Jian
Xom
Yredelemnul
Zin
The Shining One

Shops:
D:1 *   D:6 ![=[

Annotations:
D:9 4 transporters, sargonster's ghost, novice HOBe
D:11 3 runed translucent doors, Nergalle; mandarbmax's ghost, journeyman NaFE


Innate Abilities, Weirdness & Mutations

You are too large for most types of armour.
You have claws for hands.
Your natural rate of healing is unusually fast.
You are covered in fur. (AC +1)
You have tough skin. (AC +1)


Message History

The spectral orc warrior hits you from afar with a +0 glaive!
* * * LOW HITPOINT WARNING * * *
You feel drained.
* * * LOW HITPOINT WARNING * * *
The spectral orc hits you but does no damage.
The spectral orc warrior hits you with a +0 battleaxe.
* * * LOW HITPOINT WARNING * * *
A red film seems to cover your vision as you go berserk!
You feel yourself moving faster!
You feel mighty! The gnoll sergeant barely misses you.
Nergalle points at you and mumbles some strange words.
Orcish apparitions take form around you.
The spectral orc knight misses you.
The spectral orc warrior hits you from afar with a +0 glaive!
* * * LOW HITPOINT WARNING * * *
The spectral orc closely misses you.
The spectral orc warrior barely misses you.
You scratch Nergalle but do no damage.
Nergalle is moderately wounded.
You mangle Nergalle!!
Nergalle is severely wounded.
The gnoll sergeant hits you from afar with a +1 heavy spear.
* * * LOW HITPOINT WARNING * * *
Nergalle closely misses you.
The spectral orc knight hits you with a +3 long sword.
* * * LOW HITPOINT WARNING * * *
You feel drained.
The spectral orc warrior barely misses you.
You closely miss Nergalle.
Nergalle is severely wounded.
The spectral orc warrior hits you with a +0 battleaxe.
* * * LOW HITPOINT WARNING * * *
The spectral orc hits you but does no damage.
Unknown command.
You claw Nergalle!
Nergalle is almost dead.
Nergalle casts a spell at the spectral orc warrior.
The spectral orc warrior seems to speed up.
The spectral orc knight hits you with a +3 long sword!
You die...

................>...#
#.#.#
###.##........#...###
#.#†#
....##.#..#...#....
#.#.#
.....#.#..#.......#
#.#.#
####.#.#..#...#...#
#.#.# #.#.#..#
..#...# ..#.#
#.#.#<.. .#gZ.######
#.#
#.#.......##oZZZ.....
..# #.# ........Z@#
#.# g.....###Z# #.#
g.......#.# #.#
g....##.>.# #.# ...
##.## #.# . #.# #.#
#.# #.# #)# #.# #)#


You could see Nergalle, a spectral orc (summoned), 2 spectral orc warriors, 3
spectral orc knights and a gnoll sergeant.

Vanquished Creatures
  4 two-headed ogres
  3 death yaks (D:10)
  Urug (D:11)
  A deep elf pyromancer (D:7)
  2 manticores
  2 cyclopes (D:11)
  Maurice (D:11)
  A gargoyle (D:10)
  2 kobold demonologists (D:11)
  Maggie (D:7)
  2 hornets
  3 trolls
  Prince Ribbit (D:7)
  Sigmund (D:5)
  A shadow (D:10)
  3 wyverns
  4 wraiths
  8 yaks
  Eustachio (D:5)
  A steam dragon (D:7)
  Menkaure (D:5)
  2 vampire mosquitoes (D:10)
  3 acid dragons
  A water moccasin (D:7)
  Duvessa (D:7)
  6 orc warriors
  A sky beast (D:8)
  2 black bears
  An ogre (D:6)
  8 centaurs
  3 kobold brigands
  A phantom (D:5)
  3 bullfrogs
  3 gnoll sergeants
  11 scorpions
  8 wights
  Dowan (D:7)
  11 killer bees (D:8)
  2 howler monkeys
  2 centaur zombies (Ossuary)
  3 hounds
  3 human zombies (Ossuary)
  3 jellies (D:7)
  2 gnoll boudas
  3 iguanas
  10 orc priests
  3 sleepcaps
  13 orc wizards
  2 scorpion zombies (Ossuary)
  3 hell rats (D:10)
  3 mummies (Ossuary)
  Robin (D:2)
  22 gnolls
  2 adders
  A river rat (D:10)
  2 white imps (D:7)
  4 worms
  7 dart slugs
  48 orcs
  8 bats
  3 endoplasms
  A gnoll zombie (D:5)
  14 goblins
  4 hobgoblins
  2 jackals (D:4)
  9 quokkas
  4 ball pythons
  4 goblin zombies
  21 kobolds
  8 kobold zombies (Ossuary)
  3 orc zombies
  8 rats
338 creatures vanquished.

Vanquished Creatures (others)
  5 plants
5 creatures vanquished.

Grand Total: 343 creatures vanquished

Notes
Turn   | Place    | Note
-------+----------+-------------------------------------------
     0 | D:1      | Jase the Troll Berserker began the quest for the Orb.
     0 | D:1      | Reached XP level 1. HP: 22/22 MP: 0/0
    22 | D:1      | Reached XP level 2. HP: 29/29 MP: 1/1
   181 | D:1      | Reached skill level 4 in Unarmed Combat
   442 | D:1      | Reached XP level 3. HP: 36/36 MP: 2/2
   619 | D:1      | Found Voriosui's General Store.
   924 | D:2      | Reached ** piety under Trog
  1090 | D:2      | Reached skill level 5 in Unarmed Combat
  1090 | D:2      | Reached XP level 4. HP: 41/44 MP: 3/3
  1171 | D:1      | Bought a potion of attraction for 42 gold pieces
  1368 | D:2      | Found a faded altar of an unknown god.
  1576 | D:2      | Noticed Robin
  1582 | D:2      | Killed Robin
  1747 | D:3      | Found a shimmering blue altar of Sif Muna.
  1874 | D:3      | Reached XP level 5. HP: 36/50 MP: 4/4
  1880 | D:3      | Reached *** piety under Trog
  1881 | D:3      | Reached skill level 6 in Unarmed Combat
  1941 | D:3      | Found a shimmering altar of Xom.
  2445 | D:4      | Found a glowing silver altar of Zin.
  2860 | D:4      | Reached XP level 6. HP: 59/59 MP: 5/5
  2895 | D:4      | Reached skill level 7 in Unarmed Combat
  3020 | D:4      | Found a broken altar of Ashenzari.
  3320 | D:5      | Entered Level 5 of the Dungeon
  3320 | D:5      | Found a staircase to the Ecumenical Temple.
  3357 | D:5      | Noticed Menkaure
  3366 | D:5      | Killed Menkaure
  3396 | D:5      | Noticed Eustachio
  3408 | D:5      | Killed Eustachio
  3409 | D:5      | Reached skill level 8 in Unarmed Combat
  3409 | D:5      | Reached XP level 7. HP: 40/66 MP: 6/6
  3489 | D:5      | Reached skill level 9 in Unarmed Combat
  3587 | D:5      | Found a sand-covered staircase.
  3599 | Ossuary  | Entered an ossuary
  3894 | Ossuary  | Reached **** piety under Trog
  3897 | Ossuary  | Reached XP level 8. HP: 75/75 MP: 7/7
  4025 | Ossuary  | Reached skill level 10 in Unarmed Combat
  4054 | Ossuary  | Identified the ring of Tulips {Fire Drain rN+ Int+2 Dex+3}
  4186 | D:5      | Noticed Sigmund
  4196 | D:5      | Killed Sigmund
  4197 | D:5      | Reached skill level 5 in Fighting
  4358 | D:5      | Reached XP level 9. HP: 85/88 MP: 8/8
  4509 | D:6      | Found Vomaoc's Antique Armour Shoppe.
  4514 | D:6      | Bought a cloak for 126 gold pieces
  4610 | D:6      | Found Veominut's Distillery.
  4619 | D:6      | Bought a potion of flight for 42 gold pieces
  4679 | D:6      | Reached skill level 11 in Unarmed Combat
  4987 | D:6      | Found Caontar's Armour Emporium.
  5066 | D:6      | Found Bojyekit's Jewellery Boutique.
  5127 | D:6      | Found an iron altar of Okawaru.
  5147 | D:6      | Found an ornate altar of the Wu Jian Council.
  5372 | D:6      | Found Gegoh's Vocational Training.
  5470 | D:7      | Found a stormy altar of Qazlal.
  5477 | D:7      | Noticed Prince Ribbit
  5488 | D:7      | Killed Prince Ribbit
  5495 | D:7      | Noticed Maggie
  5532 | D:7      | Found a bloodstained altar of Trog.
  5555 | D:7      | Noticed Duvessa
  5586 | D:7      | Killed Duvessa
  5587 | D:7      | Noticed Dowan
  5599 | D:7      | Killed Dowan
  5690 | D:7      | Reached skill level 5 in Dodging
  5690 | D:7      | Reached skill level 12 in Unarmed Combat
  5712 | D:7      | Noticed a troll
  5720 | D:7      | Killed a troll
  5721 | D:7      | Noticed a deep elf pyromancer
  5724 | D:7      | Killed a deep elf pyromancer
  5807 | D:7      | Reached XP level 10. HP: 94/96 MP: 9/9
  5815 | D:7      | Noticed a manticore
  5828 | D:7      | Killed a manticore
  6030 | D:7      | Killed Maggie
  6043 | D:7      | Reached ***** piety under Trog
  6141 | D:7      | Reached skill level 1 in Maces & Flails
  6321 | D:7      | Identified the +9 broad axe of World's End {freeze, Fragile
                  | rElec rN+}
  6522 | D:8      | Received a gift from Trog
  6595 | D:8      | Reached skill level 13 in Unarmed Combat
  6766 | D:8      | Found a hazy altar of Hepliaklqana.
  6791 | D:8      | Found a white marble altar of Elyvilon.
  7076 | D:8      | Reached skill level 1 in Throwing
  7228 | D:8      | Found a snail-covered altar of Cheibriados.
  7255 | D:8      | Found a glowing golden altar of the Shining One.
  7542 | D:9      | Noticed a two-headed ogre
  7687 | D:9      | Found a basalt altar of Yredelemnul.
  7695 | D:9      | Noticed a two-headed ogre
  7713 | D:9      | Killed a two-headed ogre
  7774 | D:9      | Killed a two-headed ogre
  7775 | D:9      | Reached XP level 11. HP: 109/109 MP: 10/10
  7908 | D:9      | Found a transporter.
  7909 | D:9      | Found a transporter.
  7910 | D:9      | Noticed a boulder beetle
  8035 | D:9      | Noticed a two-headed ogre
  8043 | D:9      | Killed a two-headed ogre
  8257 | D:9      | Found a transporter.
  8257 | D:9      | Noticed a two-headed ogre
  8257 | D:9      | Noticed a two-headed ogre
  8258 | D:9      | Noticed a two-headed ogre
  8260 | D:9      | Noticed a tengu warrior
  8260 | D:9      | Noticed sargonster's ghost (novice HOBe)
  8273 | D:9      | Found a bloodstained altar of Trog.
  8280 | D:9      | Found a transporter.
  8571 | D:10     | Entered Level 10 of the Dungeon
  8571 | D:10     | Noticed a death yak
  8571 | D:10     | Noticed a death yak
  8571 | D:10     | Found a staircase to the Lair.
  8572 | D:10     | Noticed a death yak
  8612 | D:10     | Noticed a two-headed ogre
  8612 | D:10     | Found a hide-covered altar of Uskayaw.
  8620 | D:10     | Killed a two-headed ogre
  8671 | D:10     | Found a shadowy altar of Dithmenos.
  8757 | D:10     | Killed a death yak
  8758 | D:10     | Reached skill level 5 in Maces & Flails
  8759 | D:10     | Killed a death yak
  8762 | D:10     | Reached skill level 14 in Unarmed Combat
  8763 | D:10     | Killed a death yak
  9475 | D:11     | Reached XP level 12. HP: 75/122 MP: 11/11
  9526 | D:11     | Reached skill level 1 in Evocations
  9583 | D:11     | Found a staircase to the Orcish Mines.
  9642 | D:11     | Noticed Urug
  9654 | D:11     | Killed Urug
  9699 | D:11     | Noticed Maurice
  9717 | D:11     | Paralysed by something for 3 turns
  9724 | D:11     | Paralysed by something for 3 turns
  9730 | D:11     | Killed Maurice
 10023 | D:11     | Found a runed translucent gate.
 10024 | D:11     | Found a runed translucent gate.
 10025 | D:11     | Found a runed translucent gate.
 10026 | D:11     | Noticed mandarbmax's ghost (journeyman NaFE)
 10026 | D:11     | Noticed a 12-headed hydra
 10027 | D:11     | Noticed a 12-headed hydra
 10173 | D:11     | Noticed Nergalle
 10190 | D:11     | HP: 5/169 [spectral orc warrior/+0 battleaxe[Nergalle] (5)]
 10191 | D:11     | Slain by a spectral orc knight

Illustrated notes

Levels and vault maps discovered:
D:1:      shiori_arrival_maze, layout_loops_corners, serial_glass,
          glass_columns_b, glass_columns_b, due_unseen_surprise,
          feat_on_display, item_on_display_a, serial_shops, shop_fountains,
          hex_large, serial_bayou_pond_c, minmay_pentomino_z2
D:2:      layout_basic, shapermc_ecumenical_altar_notcrosses, kennysheep_donut,
          uniq_robin
D:3:      layout_loops_ring, amcnicky_altar_gilded,
          lemuel_coloured_pillars_altar
D:4:      minmay_angry_zag, layout_loops_ring, kennysheep_mini,
          kennysheep_mini_moat
D:5:      black_bear_nest_1, layout_cave_pools, temple_pool_b, enter_ossuary_3,
          uniq_sigmund, uniq_eustachio, uniq_menkaure
D:6:      layout_cave_pods, nicolae_wu_jian_glorious_leap,
          general_overflow_altar, serial_shops, shop, nicolae_square_shop,
          kennysheep_little_box, shop, nicolae_shop_vocational
D:7:      minmay_the_grid_square_5x5_3x3 [minmay_the_grid_square_5x5_gyroscope,
          minmay_the_grid_square_5x5_misaligned,
          minmay_the_grid_square_5x5_intrusive_squares,
          minmay_the_grid_square_5x5_trominoes,
          minmay_the_grid_square_5x5_megaprize_diamond,
          minmay_the_grid_square_5x5_broken_cross,
          minmay_the_grid_square_5x5_fancy_junction,
          minmay_the_grid_square_5x5_minimal, minmay_the_grid_square_5x5_inset],
          layout_loops_cross, nicolae_qazlal_style_of_elements,
          mainiacjoe_overflow_surrounded_room, uniq_duvessa, uniq_maggie,
          uniq_prince_ribbit1
D:8:      layout_basic, mainiacjoe_overflow_concentric_impassable,
          elyvilon_altar_4, worldfamousw_hep_ancestral_shrine,
          mainiacjoe_overflow_boulevard
D:9:      gammafunk_boulding_lane, layout_basic, mainiacjoe_overflow_chevrons,
          gammafunk_ghost_wrathful_warriors
D:10:     layout_gridville, lemuel_crystal_altar, mainiacjoe_overflow_brackets,
          dpeg_lair_monsters
D:11:     layout_basic, david_orc_4, gammafunk_ghost_hydra_chop, uniq_nergalle,
          uniq_urug, uniq_maurice

Skill      XL: |  1  2  3  4  5  6  7  8  9 10 11 12 |
---------------+-------------------------------------+-----
Unarmed Combat | 4 5 6 8 9 10 12 13 14 | 14.9
Fighting       | 3 5 7 8 9 |  9.0
Dodging        | 3 5 |  5.0
Maces & Flails | 3 6 |  6.0
Throwing       | 2 3 |  3.0
Evocations     | 2 |  2.6

Action                     |  1- 3 |  4- 6 |  7- 9 | 10-12 || total
---------------------------+-------+-------+-------+-------++-------
  Melee: Unarmed           |    90 |   133 |   206 |   458 ||   887
         Punch             |     3 |     5 |    10 |    39 ||    57
  Throw: Boomerang         |       |       |       |     1 ||     1
 Invoke: Berserk           |       |       |     2 |     6 ||     8
         Trog's Hand       |       |       |     1 |     1 ||     2
    Use: Scroll            |       |     5 |     2 |    11 ||    18
   Stab: Sleeping          |     3 |     2 |     1 |       ||     6
         Distracted        |       |       |       |     1 ||     1
 Armour: Animal skin       |    26 |    33 |    16 |       ||    75
         Robe              |       |       |    21 |       ||    21
         Troll leather arm |       |       |       |    96 ||    96
  Dodge: Dodged            |    29 |    55 |    70 |   247 ||   401

Table legend: (Time is in decaauts)
 A = Elapsed time spent in this place.
 B = Non-inter-level travel time spent in this place.
 C = Inter-level travel time spent in this place.
 D = Time resting spent in this place.
 E = Time spent auto-exploring this place.
 F = Levels seen in this place.
 G = Mean time per level.
                   A        B        C        D        E       F      G
               +--------+--------+--------+--------+--------+-----+--------+
         Total |  10094 |   9524 |    570 |    660 |   6405 |  12 |  841.2 |
       Dungeon |   9555 |   8985 |    570 |    460 |   6353 |  11 |  868.6 |
       Ossuary |    538 |    538 |      0 |    200 |     52 |   1 |  538.0 |
               +--------+--------+--------+--------+--------+-----+--------+

Top non-repeatable levels by time:
     D:9: 1070 daAuts
     D:8: 1055 daAuts
     D:6: 1000 daAuts
     D:1: 975 daAuts
     D:7: 949 daAuts
     D:4: 875 daAuts
    D:11: 853 daAuts
     D:3: 846 daAuts
    D:10: 691 daAuts
     D:5: 633 daAuts
     D:2: 604 daAuts
 Ossuary: 538 daAuts
